 Dungeon Crawl Stone Soup version 0.14-a0-2592-g262d02f (webtiles) character file.

8347 MackTheKnife the Covert (level 11, -5/70 HPs)
             Began as a Halfling Fighter on Feb 12, 2014.
             Was an Elder of Okawaru.
             Impaled on a porcupine's spines (8 damage)
             ... on Level 1 of the Lair of Beasts.
             The game lasted 00:34:13 (12513 turns).

MackTheKnife the Covert (Halfling Fighter)         Turns: 12513, Time: 00:34:13

HP  -5/70        AC  8     Str 13      XL: 11   Next: 50%
MP  11/11        EV 24     Int  8      God: Okawaru [****..]
Gold 202         SH 14     Dex 20      Spells:  0 memorised, 10 levels left

rFire  . . .     SeeInvis .     b - +2,+3 dwarf short sword
rCold  . . .     Clarity  +     x - +2 leather armour
rNeg   . . .     Conserve .     c - +0 buckler (curse)
rPois  .         rCorr    .     (no helmet)
rElec  .         rRot     .     p - +0 cloak
SustAb + .       Spirit   .     l - +0 pair of gloves
rMut   .         Warding  .     w - +0 pair of boots
Saprov . . .     Stasis   .     F - amulet of clarity
MR     .....                    (no ring)
                                y - ring of sustain abilities

@: not resistant to hostile enchantments, extremely stealthy
A: mutation resistance 1, slow metabolism 1
a: Heroism, Renounce Religion


You were on level 1 of the Lair of Beasts.
You worshipped Okawaru.
Okawaru was greatly pleased with you.
You were not hungry.

You visited 3 branches of the dungeon, and saw 12 of its levels.

You collected 422 gold pieces.
You spent 220 gold pieces at shops.


Innate Abilities, Weirdness & Mutations

You are small and have problems with some larger weapons.
You are somewhat resistant to further mutation.
You have a slow metabolism.


   Skills:
 - Level 4.5 Fighting
 + Level 12.0 Short Blades
 - Level 2.4 Armour
 - Level 11.6 Dodging
 - Level 12.4 Stealth
 - Level 5.0 Shields


You had 10 spell levels left.
You didn't know any spells.

Inventory:

Hand weapons
 b - a +2,+3 dwarven short sword (weapon)
 e - a +0,+0 falchion
 q - a +1,+3 orcish dagger
Armour
 c - a cursed +0 buckler (worn)
 l - a +0 pair of gloves (worn)
 p - a +0 cloak (worn)
 w - a +0 pair of boots (worn)
 x - a +2 leather armour (worn)
Magical devices
 m - a wand of fire (0)
 o - a wand of cold (0)
 r - a wand of random effects (0)
 u - a wand of slowing (6)
Comestibles
 a - 2 pears
 d - a bread ration
 g - 4 meat rations
 i - a lemon
 v - 2 slices of pizza
 A - an apple
 B - an apricot
 C - 12 strawberries
 E - 2 sausages
Scrolls
 h - a scroll of fear
 j - a scroll of remove curse
 n - a scroll of fog
Jewellery
 y - a ring of sustain abilities (left hand)
 F - an amulet of clarity (around neck)
Potions
 s - 3 potions of curing
 t - 2 potions of brilliance
Books
 k - a book of Transfigurations

   Spells                             Type                      Level
   Stoneskin                          Transmutation/Earth          2
   Ice Form                           Ice/Transmutation            4
   Statue Form                        Transmutation/Earth          6
   Dragon Form                        Transmutation                7
Magical staves
 D - an uncursed staff of summoning {unknown}

···················· ··
▒·····"··········· ··▒▒
▒·················
····▒▒······%··········
·····▒··················
························
··▒▒···········%········
··P▒▒···········f%%······
···▒············@········
▒···············rf%······
····▒▒▒▒··········?·····
·····P▒▒▒·······%·······
·▒▒·<▒▒ ···············
·▒·▒·▒ ▒·············
▒▒▒·· ·▒▒f····▒▒▒ ▒▒·▒
▒▒·▒▒▒▒ ·· ·


You could see a porcupine.


Message History

The porcupine bites you.
* * * LOW HITPOINT WARNING * * *
You closely miss the porcupine.
The porcupine is moderately wounded.
You completely miss the porcupine.
The porcupine is moderately wounded.
You block the porcupine's attack.
You are struck by the porcupine's spines.
* * * LOW HITPOINT WARNING * * *
You closely miss the porcupine.
The porcupine is moderately wounded.
The porcupine misses you.
You are struck by the porcupine's spines.
* * * LOW HITPOINT WARNING * * *
You hit the porcupine.
The porcupine is severely wounded.
You closely miss the porcupine.
The porcupine is severely wounded.
The porcupine completely misses you.
You are struck by the porcupine's spines.
* * * LOW HITPOINT WARNING * * *
You hit the porcupine.
The porcupine is severely wounded.
The porcupine misses you.
You are struck by the porcupine's spines.
* * * LOW HITPOINT WARNING * * *
You hit the porcupine.
The porcupine is almost dead.
You are struck by the porcupine's spines.
You die...

Action                   |  1- 3 |  4- 6 |  7- 9 | 10-12 || total
-------------------------+-------+-------+-------+-------++-------
Melee: Short sword       |   126 |   268 |   419 |   675 ||  1488
       Cutlass           |       |       |   416 |       ||   416
Invok: Heroism           |       |       |     7 |    10 ||    17
Evoke: Wand              |       |     7 |     8 |    12 ||    27
  Use: Scroll            |       |    12 |     9 |     7 ||    28
       Potion            |       |     2 |     6 |     2 ||    10
 Stab: Sleeping          |       |       |    17 |     4 ||    21
       Distracted        |       |       |     2 |     1 ||     3
       Betrayed ally     |       |       |       |     1 ||     1

Vault maps used:
D:1:      ldierk_walled_garden, minmay_statues_item
D:2:      elyvilon_altar_3, nemelex_deck
D:3:      nicolae_overflow_hidden_temple
D:4:      wad_lake_hut, overflow_temple_1_default,
          minmay_temple_entry_statues_pillars, dk_noncrumbling_3, uniq_edmund,
          uniq_duvessa
D:5:      first_bread, serial_shops, shop, minmay_misc_feat_four_crosses,
          uniq_blork_the_orc
D:6:      general_overflow_altar, portal_sewer_entry_a
D:7:      serial_shops, nicolae_shop_waterfront, nicolae_shop_crystal, shop,
          shop_statue, grunt_ogre_cave
D:9:      erik_orc_1, minmay_lair_entry_grove, uniq_joseph
D:10:     minmay_misc_feat_ornament
Temple:   oiseaux_autumnal_temple_12
Lair:1:   fungi_pond_lemuel, lemuel_fruit_tree

Notes
Turn   | Place    | Note
--------------------------------------------------------------
     0 | D:1      | MackTheKnife, the Halfling Fighter, began the quest for the Orb.
     0 | D:1      | Reached XP level 1. HP: 15/15 MP: 1/1
    36 | D:1      | Reached skill level 3 in Short Blades
   183 | D:1      | Reached XP level 2. HP: 20/20 MP: 2/2
   241 | D:1      | Reached skill level 4 in Short Blades
   507 | D:1      | Reached XP level 3. HP: 25/25 MP: 3/3
   770 | D:2      | Found a sparkling altar of Nemelex Xobeh.
  1000 | D:2      | Reached skill level 5 in Short Blades
  1045 | D:2      | Reached XP level 4. HP: 28/30 MP: 4/4
  1288 | D:2      | Found a white marble altar of Elyvilon.
  1730 | D:3      | Reached skill level 6 in Short Blades
  1730 | D:3      | Reached skill level 1 in Dodging
  1813 | D:3      | Reached XP level 5. HP: 35/35 MP: 5/5
  2275 | D:4      | Found a basalt altar of Yredelemnul.
  2275 | D:4      | Noticed Duvessa
  2276 | D:4      | Noticed Dowan
  2374 | D:4      | Found a staircase to the Ecumenical Temple.
  2384 | Temple   | Entered the Ecumenical Temple
  2401 | Temple   | Became a worshipper of Warmaster Okawaru
  2479 | D:4      | Reached skill level 2 in Dodging
  2565 | D:4      | Reached skill level 1 in Stealth
  2927 | D:4      | Reached XP level 6. HP: 24/41 MP: 6/6
  3255 | D:4      | Reached skill level 3 in Dodging
  3255 | D:4      | Reached skill level 2 in Stealth
  3921 | D:4      | Reached skill level 3 in Stealth
  3923 | D:4      | Reached skill level 7 in Short Blades
  3963 | D:4      | Reached XP level 7. HP: 23/45 MP: 7/7
  4130 | D:4      | Noticed Edmund
  4203 | D:3      | Killed Edmund
  4203 | D:3      | Acquired Okawaru's first power
  4203 | D:3      | Reached skill level 4 in Dodging
  4203 | D:3      | Reached skill level 4 in Stealth
  4947 | D:4      | Noticed a phantom
  4995 | D:4      | Paralysed by a potion of paralysis for 3 turns
  5030 | D:4      | Killed a phantom
  5030 | D:4      | Reached skill level 8 in Short Blades
  5030 | D:4      | Reached skill level 5 in Dodging
  5250 | D:5      | Entered Level 5 of the Dungeon
  5338 | D:5      | Reached XP level 8. HP: 51/51 MP: 8/8
  5452 | D:5      | Noticed Blork the orc
  5490 | D:5      | Killed Blork the orc
  5736 | D:5      | Reached skill level 5 in Stealth
  6028 | D:5      | Reached skill level 6 in Dodging
  6119 | D:5      | Found Caxta's Food Emporium.
  6148 | D:5      | Reached skill level 9 in Short Blades
  6530 | D:6      | Found a shattered altar of Ashenzari.
  6594 | D:6      | Found a glowing drain.
  7023 | D:6      | Reached skill level 6 in Stealth
  7290 | D:7      | Found Vybroux's Jewellery Shop.
  7298 | D:7      | Bought an uncursed amulet of clarity for 220 gold pieces
  7370 | D:7      | Found Giraudd's Gadget Shop.
  7371 | D:7      | Reached skill level 7 in Dodging
  7371 | D:7      | Reached XP level 9. HP: 50/55 MP: 9/9
  7416 | D:7      | Reached skill level 7 in Stealth
  7583 | D:7      | Found Galla Rafef's Jewellery Shop.
  7646 | D:8      | Reached skill level 8 in Dodging
  7660 | D:8      | Reached skill level 8 in Stealth
  8255 | D:8      | Reached skill level 9 in Stealth
  8552 | D:8      | Reached skill level 9 in Dodging
  9145 | D:9      | Noticed Deemzul's ghost (experienced HOFi)
  9175 | D:9      | Killed Deemzul's ghost
  9175 | D:9      | Reached skill level 10 in Dodging
  9175 | D:9      | Reached skill level 10 in Stealth
  9175 | D:9      | Reached XP level 10. HP: 18/61 MP: 8/10
  9427 | D:9      | Noticed Joseph
  9434 | D:9      | Killed Joseph
  9434 | D:9      | Reached skill level 11 in Stealth
  9599 | D:9      | Reached skill level 11 in Dodging
  9985 | D:9      | Reached skill level 12 in Stealth
 10119 | D:9      | Reached skill level 3 in Fighting
 10120 | D:9      | Found a staircase to the Lair.
 10372 | D:9      | Reached skill level 4 in Fighting
 10492 | D:9      | Reached XP level 11. HP: 49/69 MP: 11/11
 10952 | D:9      | Found a staircase to the Orcish Mines.
 11042 | D:9      | Reached skill level 10 in Short Blades
 11057 | D:9      | Reached skill level 4 in Shields
 11077 | D:9      | Was placed under penance by Okawaru
 11237 | D:10     | Entered Level 10 of the Dungeon
 11242 | D:10     | Noticed an orc knight
 11242 | D:10     | Noticed a cyclops
 11242 | D:10     | Noticed an orc knight
 11831 | D:8      | Noticed a hill giant
 11831 | D:8      | Noticed a cyclops
 11972 | D:9      | Reached skill level 5 in Shields
 11993 | D:9      | Was forgiven by Okawaru
 12007 | D:9      | Reached skill level 11 in Short Blades
 12080 | D:9      | HP: 6/70 [yak (6)]
 12462 | Lair:1   | Entered Level 1 of the Lair of Beasts
 12503 | Lair:1   | Reached skill level 12 in Short Blades
 12512 | Lair:1   | HP: 3/70 [porcupine's spines (7)]
 12513 | Lair:1   | Impaled on a porcupine's spines

Vanquished Creatures
  The ghost of Deemzul the Severer, an experienced HOFi of Cheibriados (D:9)
  Joseph (D:9)
  A two-headed ogre (D:9)
  22 yaks
  Edmund (D:3)
  4 porcupines (D:9)
  An ice beast (D:8)
  3 orc warriors (D:9)
  A swamp drake (D:9)
  2 phantoms
  2 centaurs
  3 sky beasts
  2 crocodiles (D:9)
  3 ogres
  Blork the orc (D:5)
  4 giant frogs
  2 crimson imps
  3 hounds
  13 orc wizards
  3 orc priests
  2 jellies
  5 iguanas
  3 scorpions
  8 worker ants
  An ogre skeleton (D:8)
  2 crocodile skeletons (D:9)
  A mummy (D:9)
  12 gnolls
  5 green rats
  10 adders
  3 giant mites
  An inept feature mimic (D:6)
  3 worms
  3 orc zombies (D:5)
  An adder skeleton (D:7)
  2 giant geckos
  An ooze (D:2)
  34 orcs
  2 ball pythons
  12 bats
  3 giant cockroaches
  12 goblins
  16 hobgoblins
  2 quokkas
  7 giant newts
  A giant spore (D:9)
  A goblin zombie (D:5)
  A hobgoblin skeleton (D:7)
  2 jackals (D:1)
  15 kobolds
  10 rats
254 creatures vanquished.

Vanquished Creatures (others)
  A plant (D:9)
  5 toadstools (D:1)
6 creatures vanquished.

Grand Total: 260 creatures vanquished
